Map: Inside and Out

Players

Zoun - Winner!

  • Race: Protoss Protoss
  • Spawn Location: 7:00

SpeCial

  • Race: Terran Terran
  • Spawn Location: 1:00

Event: DreamHack SC2 Masters 2022 Atlanta (Offline)

VOD

Have the link to the VOD?

Description

Time

  • Played on: Nov. 18, 2022, 5:56 p.m.
  • Length: 9:21

All games in this series

Show
View Real Time Build Order
Export as new Build Order

Zoun Protoss - Winner!

Build Orders: 1 Gate Expand, Blink Stalkers 

Get SALT Encoding   

  12  0:00  Probe  
  13  0:12  Probe  
  14  0:17  Pylon  
  14  0:24  Probe (Chrono Boost)  
  16  0:36  Gateway, Probe (Chrono Boost)  
  16  0:43  Probe (Chrono Boost)  
  16  0:48  Assimilator  
  17  0:50  Probe  
  18  1:03  Probe  
  19  1:15  Probe  
  20  1:25  Cybernetics Core  
  20  1:35  Nexus  
  20  1:38  Zealot (Chrono Boost)  
  22  1:45  Pylon  
  22  1:48  Probe  
  22  1:53  Assimilator  
  23  2:02  Stalker (Chrono Boost)  
  23  2:03  Probe  
  26  2:11  Warp Gate  
  26  2:15  Probe  
  27  2:27  Probe  
  28  2:31  Adept  
  30  2:38  Twilight Council  
  30  2:39  Probe  
  31  2:45  Shield Battery  
  31  2:49  Probe (Chrono Boost)  
  32  2:52  Probe (Chrono Boost)  
  32  3:00  Probe (Chrono Boost)  
  32  3:01  Probe (Chrono Boost)  
  32  3:04  Probe (Chrono Boost)  
  33  3:05  Blink (Chrono Boost)  
  33  3:06  Probe (Chrono Boost)  
  35  3:15  Probe  
  35  3:18  Probe  
  37  3:27  Probe  
  37  3:30  Probe  
  39  3:36  Gateway  
  39  3:40  Robotics Facility, Probe  
  40  3:42  Probe  
  40  3:48  Pylon  
  41  3:52  Probe  
  41  3:54  Gateway, Probe  
  43  4:01  Stalker  
  45  4:04  Probe  
  46  4:10  Probe  
  46  4:11  Assimilator  
  45  4:17  Probe  
  45  4:19  Pylon  
  45  4:22  Probe  
  45  4:23  Stalker  
  49  4:27  Warp Prism  
  49  4:31  Stalker  
  53  4:34  Probe  
  53  4:37  Probe  
  55  4:39  Pylon  
  55  5:05  Robotics Bay  
  56  5:09  Nexus  
  56  5:10  Stalker x2  
  59  5:14  Stalker  
  60  5:28  Observer  
  61  5:33  Pylon  
  61  5:35  Gateway  
  61  5:38  Stalker x2  
  61  5:40  Probe  
  61  5:41  Probe  
  67  5:49  Stalker, Pylon  
  69  5:52  Charge  
  70  5:57  Probe x2  
  70  6:01  Stalker  
  73  6:05  Disruptor  
  76  6:13  Probe  
  76  6:16  Stalker  
  76  6:17  Probe  
  78  6:20  Observer  
  78  6:23  Stalker  
  78  6:25  Probe x2 (Chrono Boost)  
  82  6:27  Forge  
  82  6:30  Probe (Chrono Boost)  
  82  6:32  Observer  
  83  6:37  Probe x2 (Chrono Boost)  
  86  6:40  Disruptor, Probe (Chrono Boost)  
  86  6:42  Probe (Chrono Boost)  
  90  6:52  Gateway x2  
  89  6:55  Gateway  
  89  6:56  Gateway  
  89  6:59  Gateway  
  89  7:02  Probe x3  
  89  7:06  Pylon  
  92  7:14  Shield Battery, Pylon  
  92  7:16  Sentry  
  98  7:23  Immortal  
  98  7:29  Zealot x3  
  104  7:30  Pylon  
  104  7:31  Pylon  
  104  7:40  Pylon  
  104  7:43  Stalker  
  106  7:48  Stalker  
  103  7:56  Zealot x6  
  108  8:04  Zealot  
  108  8:05  Disruptor (Chrono Boost)  
  99  8:08  Probe  
  99  8:12  Zealot x2  
  102  8:17  Zealot x2  
  101  8:20  Probe  
  101  8:24  Probe x2  
  102  8:29  Zealot x2  
  102  8:32  Probe (Chrono Boost)  
  107  8:36  Probe (Chrono Boost)  
  107  8:40  Observer (Chrono Boost)  
  107  8:41  Probe (Chrono Boost)  
  108  8:44  Probe (Chrono Boost)  
  108  8:45  Zealot  
  108  8:48  Probe (Chrono Boost), Forge  
  112  8:50  Zealot x2  
  112  8:51  Probe (Chrono Boost)  
  107  9:02  Zealot x2  
  107  9:03  Zealot x2  
  91  9:10  Zealot x2  
  86  9:21  Stalker x3  
Show
View Real Time Build Order
Export as new Build Order

SpeCial Terran 

Build Orders: Liberator Opening 

Get SALT Encoding   

  12  0:00  SCV  
  13  0:12  SCV  
  14  0:17  Supply Depot  
  14  0:24  SCV  
  15  0:39  SCV, Barracks  
  16  0:44  Refinery  
  16  0:51  SCV  
  16  0:53  Refinery  
  17  1:03  SCV  
  18  1:15  SCV  
  19  1:27  Reaper, Orbital Command  
  20  1:41  Supply Depot  
  20  1:44  Factory  
  20  1:53  SCV  
  21  1:59  Reaper  
  22  2:05  SCV  
  23  2:17  Command Center  
  23  2:23  SCV  
  24  2:31  Hellion  
  24  2:33  Barracks Reactor  
  24  2:35  SCV  
  27  2:39  Starport  
  27  2:46  Supply Depot  
  27  2:48  SCV  
  28  2:53  Widow Mine  
  30  3:01  SCV  
  30  3:10  Marine x2  
  32  3:15  SCV  
  32  3:18  Medivac, Widow Mine  
  36  3:27  SCV  
  36  3:29  Orbital Command  
  37  3:36  Marine x2  
  37  3:39  SCV, Factory Tech Lab  
  40  3:50  Liberator  
  40  3:52  SCV  
  40  3:55  SCV, Marine x2  
  47  4:03  Supply Depot  
  47  4:06  Siege Tank  
  47  4:09  SCV  
  51  4:11  SCV  
  51  4:16  Marine  
  51  4:17  Marine  
  54  4:25  SCV x2  
  56  4:34  Supply Depot, Marine x2, Starport Tech Lab  
  56  4:37  SCV x2  
  58  4:49  SCV x2  
  58  4:50  Siege Tank  
  58  4:52  Marine  
  62  4:56  Marine  
  62  4:59  Supply Depot  
  61  5:01  SCV x2  
  61  5:03  Barracks  
  61  5:04  Barracks  
  63  5:10  Marine  
  63  5:12  Raven  
  63  5:13  SCV x2  
  63  5:14  Marine  
  69  5:22  Refinery  
  69  5:23  Engineering Bay  
  69  5:24  Refinery  
  69  5:25  Supply Depot, SCV x2  
  69  5:28  Marine  
  72  5:31  Marine  
  73  5:37  SCV  
  73  5:42  SCV  
  75  5:44  Factory Reactor  
  75  5:46  Marine  
  75  5:49  SCV, Marine  
  78  5:51  Terran Infantry Weapons Level 1  
  78  5:54  SCV  
  79  6:01  SCV  
  79  6:02  Command Center  
  79  6:03  Marine  
  79  6:04  Marauder, Starport Reactor  
  83  6:05  Marauder  
  83  6:06  Stimpack  
  83  6:07  Marine  
  83  6:13  SCV x2  
  83  6:18  Combat Shield  
  85  6:21  Marine  
  85  6:22  Supply Depot  
  85  6:23  Supply Depot  
  85  6:25  Marauder, Marine  
  89  6:27  Marauder  
  91  6:33  SCV x2  
  84  6:40  Marine  
  84  6:43  Widow Mine, Marine  
  84  6:46  Missile Turret, Widow Mine  
  91  6:47  Marauder  
  91  6:48  Medivac, Marauder  
  91  6:51  Medivac  
  97  6:56  Supply Depot  
  97  7:01  Marine x2  
  97  7:03  SCV x2  
  97  7:06  Widow Mine  
  97  7:07  Widow Mine  
  105  7:14  Marauder x2  
  109  7:20  Medivac  
  109  7:21  Medivac  
  113  7:24  Marine  
  113  7:25  Marine  
  112  7:30  Barracks  
  112  7:31  Barracks  
  112  7:34  Widow Mine  
  112  7:35  SCV x2  
  114  7:37  Orbital Command  
  114  7:44  Marine x2  
  114  7:46  Widow Mine, Marauder  
  120  7:58  Medivac  
  115  8:10  Marine x2  
  115  8:11  Marauder x2  
  116  8:13  Widow Mine x2  
  116  8:14  SCV  
  116  8:16  Orbital Command  
  99  8:27  Barracks Tech Lab  
  99  8:28  Barracks Reactor, Marine x2  
  99  8:33  SCV x2, Marauder  
  105  8:34  Widow Mine  
  105  8:35  Widow Mine  
  105  8:45  SCV, Marauder  
  105  8:46  Marine x2  
  110  8:53  Marine  
  111  8:56  Widow Mine x2  
  111  9:00  Marauder  
Tags
 
Add a new tag
Caveats
  • Supply blocks, unpowered buildings, or Contaminate may cause inaccurate times.
  • Supply counts are checked every 10 seconds.